 Dungeon Crawl Stone Soup version 0.28.0-1-gb440e238dd (webtiles) character file.

Game seed: 15984521352958314852

46 Lambsauce the Skirmisher (level 3, -2/34 HPs)
             Began as a Hill Orc Fighter on Feb 22, 2022.
             Slain by a gnoll (6 damage)
             ... on level 2 of the Dungeon.
             The game lasted 00:06:02 (1452 turns).

Lambsauce the Skirmisher (Hill Orc Fighter)         Turns: 1452, Time: 00:06:03

Health: -2/34      AC:  6    Str: 20    XL:     3   Next: 68%
Magic:  3/3        EV:  9    Int:  8    God:
Gold:   87         SH:  4    Dex: 10    Spells: 2/2 levels left

rFire   . . .      SeeInvis +   a - +0 war axe
rCold   . . .      Faith    .   c - +0 buckler
rNeg    . . .      Spirit   .   b - +0 scale mail
rPois   .          Reflect  .   (no helmet)
rElec   .          Harm     .   (no cloak)
rCorr   .          Rampage  .   (no gloves)
Will    .....                   (no boots)
Stlth   ..........              (no amulet)
HPRegen 0.11/turn               (no ring)
MPRegen 0.08/turn               (no ring)

@: mighty, unable to read
A: see invisible, inability to read while threatened
a: no special abilities


You were on level 2 of the Dungeon.
You visited 1 branch of the dungeon, and saw 2 of its levels.

You collected 87 gold pieces.

Inventory:

Hand Weapons
 a - a +0 war axe (weapon)
Armour
 b - a +0 scale mail (worn)
 c - a +0 buckler (worn)
Potions
 g - 2 potions of lignification


   Skills:
 + Level 4.3 Fighting
 + Level 3.8 Axes
 + Level 3.5 Armour
 + Level 0.2 Dodging
 + Level 3.5 Shields


You had 2 spell levels left.
You didn't know any spells.
Your spell library contained the following spells:

 Spells                   Type           Power      Damage    Failure   Level
 Beastly Appendage        Tmut           0%         N/A       85%         1
 Sandblast                Erth           0%         2d4       85%         1
 Passwall                 Tmut/Erth      0%         N/A       94%         2
 Static Discharge         Conj/Air       0%         N/A       94%         2
 Wereblood                Tmut           0%         N/A       94%         2
 Spider Form              Tmut/Pois      0%         N/A       99%         3
 Stone Arrow              Conj/Erth      0%         3d7       99%         3
 Dispel Undead            Necr           0%         3d6       100%        4
 Sticky Flame             Conj/Fire      0%         2d3       100%        4
 Freezing Cloud           Conj/Ice/Air   0%         6-21      100%        5
 Simulacrum               Ice/Necr       0%         N/A       100%        6
 Polar Vortex             Ice            0%         N/A       100%        9


Dungeon Overview and Level Annotations

Branches:
Dungeon (2/15)

Altars:

Shops:
D:2 ?


Innate Abilities, Weirdness & Mutations

You have supernaturally acute eyesight. (SInv)
You sometimes lose the ability to read scrolls when taking damage.


Message History

You block the hobgoblin's attack.
You barely miss the hobgoblin. The hobgoblin barely misses you.
You slash the hobgoblin!
You kill the hobgoblin!
You see here a hobgoblin corpse.
A gnoll comes into view. It is wielding a +0 flail.
A gnoll comes into view. It is wielding a +0 spear.
The gnoll shouts!
A gnoll comes into view. It is wielding a +0 club.
The gnoll shouts!
The gnoll hits you but does no damage.
You barely miss the gnoll. You block the gnoll's attack.
The gnoll hits you with a +0 flail.
You closely miss the gnoll.
The gnoll hits you from afar with a +0 spear.
The gnoll hits you with a +0 flail! The gnoll closely misses you.
You barely miss the gnoll. You block the gnoll's attack.
The gnoll hits you from afar with a +0 spear.
You feel threatened and lose the ability to read scrolls!
You barely miss the gnoll. The gnoll barely misses you.
The gnoll hits you from afar with a +0 spear.
You hit the gnoll.
The gnoll is lightly wounded.
You can read scrolls again.
The gnoll hits you from afar with a +0 spear. x2
You feel threatened and lose the ability to read scrolls!
You hit the gnoll but do no damage.
The gnoll is lightly wounded.
You can read scrolls again.
The gnoll hits you but does no damage.
The gnoll hits you from afar with a +0 spear.
You feel threatened and lose the ability to read scrolls!
* * * LOW HITPOINT WARNING * * *
The gnoll hits you with a +0 club.
* * * LOW HITPOINT WARNING * * *
You feel very mighty all of a sudden.
You can read scrolls again.
The gnoll hits you from afar with a +0 spear.
You feel threatened and lose the ability to read scrolls!
You die...

#......... ..
#.......... ...
....##.......... ..
....#>..........#..
....#...........#.
....#...........#.
.................#
......†........#.#
...)...........#@#
......##....####g#######
......##....##..gg......
...##.##....##..........
...##'##.............g..
........................
........###.............
#.......# #.............
#.......# #.............
.# ..


You could see 3 gnolls.

Vanquished Creatures
  A worm (D:2)
  2 dart slugs (D:1)
  3 endoplasms (D:1)
  A giant cockroach (D:1)
  2 goblins (D:1)
  3 hobgoblins
  2 kobolds (D:1)
  4 quokkas
  5 ball pythons
  6 bats
  2 frilled lizards (D:1)
  3 rats (D:1)
34 creatures vanquished.

Notes
Turn   | Place    | Note
-------+----------+-------------------------------------------
     0 | D:1      | Lambsauce the Hill Orc Fighter began the quest for the Orb.
     0 | D:1      | Reached XP level 1. HP: 19/19 MP: 1/1
   297 | D:1      | Reached XP level 2. HP: 22/27 MP: 2/2
   432 | D:1      | Reached skill level 4 in Fighting
   582 | D:1      | Gained mutation: You sometimes lose the ability to read
                  | scrolls when taking damage. [potion of mutation]
   582 | D:1      | Gained mutation: You have supernaturally acute eyesight.
                  | (SInv) [potion of mutation]
   642 | D:1      | Reached XP level 3. HP: 32/33 MP: 3/3
  1177 | D:2      | Found Gasep's Magic Scroll Shop.
  1452 | D:2      | Slain by a gnoll

Illustrated notes

Levels and vault maps discovered:
D:1:      minmay_arrival_three_doors, layout_basic
D:2:      layout_basic, serial_shops, shop, shop, shop

Skill      XL: |  1  2 |
---------------+-------+-----
Axes           | 3 |  3.8
Fighting       | 4 |  4.3
Armour         | |  3.5
Dodging        | |  0.2
Shields        | |  3.5

Action                   || total
-------------------------++-------
Melee: War axe           ||   107
  Use: Potion            ||     6
       Scroll            ||     1
Armor: Scale mail        ||    76
       Skin              ||    25
Dodge: Dodged            ||    74
Block: Buckler           ||    33
